 Dungeon Crawl Stone Soup version 0.20-a0-263-g81abdfb (webtiles) character file.

17 yukitheduck the Insei (level 2, -3/23 HPs)
             Began as a Demigod Transmuter on Dec 4, 2016.
             Slain by a leopard gecko (4 damage)
             ... on level 1 of the Dungeon.
             The game lasted 00:02:00 (484 turns).

yukitheduck the Insei (Demigod Transmuter)           Turns: 484, Time: 00:02:01

Health: -3/23      AC:  2    Str: 13    XL:     2   Next: 30%
Magic:  6/7        EV: 12    Int: 17    God:
Gold:   14         SH:  0    Dex: 16    Spells: 3/4 levels left

rFire  . . .     SeeInvis .       - Unarmed
rCold  . . .     Gourm    .     b - +0 robe
rNeg   . . .     Faith    .     (no shield)
rPois  .         Spirit   .     (no helmet)
rElec  .         Reflect  .     (no cloak)
rCorr  .         Harm     .     (no gloves)
MR     .....                    (boots currently unavailable)
Stlth  +.........               (no amulet)
                                (no ring)
                                (no ring)

@: appendage
A: talons 3, high mp 1
a: End Transformation


You were on level 1 of the Dungeon.
You were not hungry.
You had grown temporary talons.
You visited 1 branch of the dungeon, and saw 1 of its levels.

You collected 14 gold pieces.

Inventory:

Missiles
 a - 12 arrows
Armour
 b - a +0 robe (worn)
Scrolls
 f - a scroll of identify {unknown}
 g - a scroll of random uselessness {unknown}
Potions
 e - a potion of flight {unknown}
Books
 c - a book of Changes

   Spells                             Type                      Level
   a - Beastly Appendage              Transmutation                1
   b - Sticks to Snakes               Transmutation                2
   c - Spider Form                    Transmutation/Poison         3
   d - Ice Form                       Ice/Transmutation            4
   e - Blade Hands                    Transmutation                5
Comestibles
 d - a bread ration


   Skills:
 - Level 1.0 Fighting
 - Level 1.7 Dodging
 + Level 2.9 Unarmed Combat
 - Level 1.7 Spellcasting
 - Level 2.5 Transmutations


You had 3 spell levels left.
You knew the following spells:

 Your Spells              Type           Power        Failure   Level  Hunger
a - Beastly Appendage     Tmut           ##....       10%         1    #......


Dungeon Overview and Level Annotations

Branches:
Dungeon (1/15)


Innate Abilities, Weirdness & Mutations

You have an increased reservoir of magic. (+10% MP)
You have claws for feet.


Message History

You are too injured to fight recklessly!
You are too injured to fight recklessly!
You are too injured to fight recklessly!
You are too injured to fight recklessly!
You hit the dart slug but do no damage.
The dart slug is lightly wounded.
The leopard gecko closely misses you. The dart slug barely misses you.
Sorry, you're not good enough to have a special ability.
Casting: Beastly Appendage
Confirm with . or Enter, or press ? or * to list all spells.
Your feet morph into talons.
The leopard gecko misses you. The rat barely misses you.
The dart slug launches a dart at you. The slug dart hits you!
* * * LOW HITPOINT WARNING * * *
The leopard gecko misses you.
You hit the dart slug.
The dart slug is moderately wounded.
The rat completely misses you. The leopard gecko bites you.
You die...

..... # .... #( #.
.... ...
#.#####..##.#
##.?.......... ####
##..........# ###
...# .......r....#
...# ##.#
......)@l...#+#.#.#
..##
.#....w............
.##
#.(.#..........# .#
# .... #.#........#
# ## .##
###########....##.#
# ...
...............#.
###.###
#[..............
.......
#.#####.)..####
...#### #..†.#


You could see a dart slug, a leopard gecko and a rat.

Vanquished Creatures
  3 giant cockroaches (D:1)
  3 goblins (D:1)
  2 hobgoblins (D:1)
  2 bats (D:1)
  3 frilled lizards (D:1)
  A kobold (D:1)
  2 rats (D:1)
16 creatures vanquished.

Notes
Turn   | Place    | Note
-------+----------+-------------------------------------------
     0 | D:1      | yukitheduck the Demigod Transmuter began the quest for the Orb.
     0 | D:1      | Reached XP level 1. HP: 15/15 MP: 5/5
   340 | D:1      | Reached skill level 1 in Fighting
   340 | D:1      | Reached XP level 2. HP: 18/23 MP: 7/7
   483 | D:1      | HP: 1/23 [dart slug/slug dart (5)]
   484 | D:1      | Slain by a leopard gecko

Vault maps used:
D:1:      saegor_arrival_simple_e, roderic_lattice_a, minmay_pentomino_o4

Skill      XL: |  1 |
---------------+----+-----
Transmutations | 2 |  2.5
Fighting       | 1 |  1.0
Dodging        | |  1.7
Unarmed Combat | |  2.9
Spellcasting   | |  1.7

Action                   || total
-------------------------++-------
Melee: Unarmed           ||    53
       Headbutt          ||     2
       Kick              ||     1
       Punch             ||     1
 Cast: Beastly Appendage ||     4
 Stab: Distracted        ||     1
Armor: Robe              ||     9
Dodge: Dodged            ||    47
